 Dungeon Crawl Stone Soup version 0.29.1-4-g47bece8355 (webtiles) character file.

Game seed: 6238649679925816840

7952 IcyTea the Destroyer (level 11, -9/127 HPs)
             Began as a Grey Draconian Air Elementalist on Dec 9, 2022.
             Mangled by a kobold brigand
             ... wielding a +0 war axe
              (10 damage)
             ... in a bailey.
             The game lasted 01:09:40 (10637 turns).

IcyTea the Destroyer (DrAE)                        Turns: 10637, Time: 01:09:42

Health: -9/127     AC: 25    Str: 22    XL:     11   Next: 3%
Magic:  4/19       EV:  2    Int: 19    God:
Gold:   532        SH:  5    Dex: 26    Spells: 11/24 levels left

rFire   x . .      SeeInvis .   a - staff of air
rCold   . . .      Faith    .   (no shield)
rNeg    . . .      Spirit   .   (body armour unavailable)
rPois   +          Reflect  +   (helmet currently unavailable)
rElec   +          Harm     .   (cloak currently unavailable)
rCorr   .          Rampage  .   (gloves currently unavailable)
Will    .....      NoTele   +   (boots currently unavailable)
Stlth   +++.......              i - amulet of reflection
HPRegen 0.31/turn               d - +6 ring of dexterity
MPRegen 0.16/turn               I - ring of Ephemeral Luck {rF- Will- EV+4 Str+10 Dex+9}

@: tree-form
A: stationary, stasis, torment immunity, boosted hp, AC +12, (amphibious),
unfitting armour, (cold-blooded), (big wings), low MP 1
a: no special abilities


You were in a bailey.
You were a tree.
You visited 2 branches of the dungeon, and saw 10 of its levels.
You also visited: Bailey.

You collected 532 gold pieces.

Inventory:

Hand Weapons
 b - a +3 dagger of speed
 f - a +0 short sword
 E - a +1 scimitar of flaming
 K - a +2 vampiric bardiche
 L - a +2 whip of venom
Missiles
 n - 2 throwing nets
 D - 20 boomerangs
 G - 7 curare-tipped darts
 H - 12 poisoned darts
 J - 4 atropa-tipped darts
Armour
 j - a +0 cloak (melded)
Magical Staves
 a - a staff of air (weapon)
 c - a staff of fire
Jewellery
 d - a +6 ring of dexterity (left branch)
 i - an amulet of reflection (around neck)
 I - the ring of Ephemeral Luck (right branch) {rF- Will- EV+4 Str+10 Dex+9}
   (You found it on level 8 of the Dungeon)

   [ring of evasion]

   EV:        It affects your evasion (+4).
   Str:       It affects your strength (+10).
   Dex:       It affects your dexterity (+9).
   rF:        It makes you vulnerable to fire.
   Will:      It decreases your willpower.
Wands
 v - a wand of iceblast (8)
 w - a wand of digging (3)
 y - a wand of charming (35)
 B - a wand of acid (7)
 C - a wand of polymorph (10)
Scrolls
 g - a scroll of enchant armour
 k - a scroll of poison
 l - 3 scrolls of teleportation
 m - a scroll of magic mapping
 p - 2 scrolls of fog
 r - 3 scrolls of vulnerability
Potions
 h - 3 potions of curing
 o - 3 potions of cancellation
 q - a potion of mutation
 s - a potion of resistance
 t - 2 potions of magic
 z - a potion of lignification
 A - 2 potions of might
 F - a potion of haste


   Skills:
 - Level 4.6 Fighting
 - Level 3.1 Short Blades
 - Level 1.8 Staves
 - Level 3.0 Dodging
 - Level 3.5 Stealth
 - Level 7.0 Spellcasting
 + Level 9.5 Conjurations
 - Level 4.3 Summonings
 - Level 7.3 Air Magic
 - Level 2.2 Evocations


You had 11 spell levels left.
You knew the following spells:

 Your Spells              Type           Power      Damage    Failure   Level
a - Shock                 Conj/Air       100%       1d9       1%          1
b - Swiftness             Air            51%        N/A       1%          3
c - Airstrike             Air            25%        2d(4-20)  4%          4
d - Call Canine Familiar  Summ           23%        N/A       4%          3
e - Blink                 Tloc           12%        N/A       16%         2

Your spell library contained the following spells:

 Spells                   Type           Power      Damage    Failure   Level
 Summon Small Mammal      Summ           92%        N/A       1%          1
 Static Discharge         Conj/Air       55%        3-10/arc  1%          2
 Summon Guardian Golem    Hex/Summ       15%        N/A       12%         3
 Sublimation of Blood     Necr           6%         N/A       16%         2
 Wereblood                Tmut           6%         N/A       16%         2
 Confusing Touch          Hex            6%         N/A       30%         3
 Summon Forest            Summ/Tloc      7%         N/A       75%         5
 Orb of Destruction       Conj           21%        9d8       86%         7
 Manifold Assault         Tloc           6%         N/A       95%         5
 Yara's Violent Unravell  Hex/Tmut       3%         3d4       95%         5
 Spellforged Servitor     Conj/Summ      16%        N/A       99%         7
 Eringya's Noxious Bog    Tmut/Pois      3%         N/A       100%        6
 Enfeeble                 Hex            3%         N/A       100%        7
 Storm Form               Tmut/Air       15%        N/A       100%        7
 Summon Hydra             Summ           11%        N/A       100%        7


Dungeon Overview and Level Annotations

Branches:
Dungeon (9/15)             Temple (1/1) D:4          Bailey (1/1)
   Lair: D:8-11         Orc: D:9-12

Altars:
Ashenzari
Cheibriados
Dithmenos
Fedhas
Gozag
Hepliaklqana
Kikubaaqudgha
Nemelex Xobeh
Okawaru
Ru
Trog
Uskayaw
Vehumet
Wu Jian
Xom
Yredelemnul
Zin
The Shining One

Annotations:
D:2 Sigmund
D:5 2 transporters, GorkyZ's ghost, novice GrFi


Innate Abilities, Weirdness & Mutations

You are a tree.
Your roots penetrate the ground, keeping you stationary.
You cannot be teleported.
You are immune to unholy pain and torment.
Your maximum health is greatly increased.
Your equipment is partially melded.
((Your dull iron-grey scales are very hard. (AC +12)))
((You are amphibious.))
You cannot fit into any form of body armour.
((You are cold-blooded and may be slowed by cold attacks.))
((Your large and strong wings let you fly.))
Your magical capacity is low. (-10% MP)


Message History

* * * LOW HITPOINT WARNING * * *
You closely miss the kobold brigand.
The kobold brigand is severely wounded.
You closely miss the kobold brigand.
The kobold brigand is severely wounded.
The kobold brigand hits you but does no damage.
The kobold brigand barely misses you.
The kobold brigand hits you but does no damage.
You hit the kobold brigand but do no damage.
The kobold brigand is electrocuted!
You kill the kobold brigand!
You block the kobold brigand's attack.
The kobold brigand hits you but does no damage.
You closely miss the kobold brigand.
The kobold brigand is moderately wounded.
Your extra speed is starting to run out.
You block the kobold brigand's attack. x2
You hit the kobold brigand but do no damage.
The kobold brigand is electrocuted!
The kobold brigand is heavily wounded.
You hit the kobold brigand.
The kobold brigand is electrocuted.
The kobold brigand is almost dead.
The kobold brigand hits you but does no damage. x2
You barely miss the kobold brigand.
The kobold brigand is almost dead.
The kobold brigand hits you but does no damage. x2
You hit the kobold brigand.
The kobold brigand is almost dead.
The kobold brigand hits you but does no damage.
The kobold brigand hits you with a +0 war axe.
* * * LOW HITPOINT WARNING * * *
You closely miss the kobold brigand.
The kobold brigand is almost dead.
You hit the kobold brigand.
The kobold brigand is almost dead.
You feel yourself slow down.
The kobold brigand hits you with a +0 war axe.
* * * LOW HITPOINT WARNING * * *
The kobold brigand hits you with a +0 war axe!
You die...

#...∩...# #.......#
##..∩..## ##')'##
#)..# #.÷.# #.÷)#
####.÷.####
##~.÷.♣K..~##
#####~~..)K)..~~#####
#....~~.......~~....#
#.###~~.......~~###.#
#....~~.......~~....#
#.###~~.......~~###.#
#....~~.......~~....#
#.###~~...)...~~###.#
#....~~...)...~~....#


You could see 2 kobold brigands.

Vanquished Creatures
  A centaur warrior (D:8)
  A two-headed ogre (D:8)
  Pikel (D:8)
  An orc knight (Bailey)
  A gargoyle (D:8)
  Maggie (D:6)
  A hornet (D:9)
  2 slime creatures (D:8)
  Prince Ribbit (D:6)
  A wyvern (D:8)
  A vampire mosquito (D:8)
  A steam dragon (D:8)
  An acid dragon (D:8)
  3 water moccasins
  A black bear (D:7)
  4 orc warriors
  2 ice beasts (D:6)
  2 sky beasts (D:7)
  An ogre (D:5)
  2 centaurs
  A phantom (D:3)
  3 lemures (D:8)
  6 kobold brigands
  2 gnoll sergeants
  2 bullfrogs
  4 necrophages
  A wight (D:8)
  6 howler monkeys
  A hound (D:5)
  2 orc priests
  3 jellies
  A gnoll bouda (D:5)
  5 iguanas
  11 orc wizards
  Robin (D:3)
  15 gnolls
  8 adders
  2 shadow imps
  3 white imps
  An ufetubus (D:4)
  2 worms
  A dart slug (D:3)
  24 orcs
  7 ball pythons
  A bat (D:3)
  4 endoplasms
  4 giant cockroaches
  23 goblins
  9 hobgoblins
  8 jackals
  3 quokkas
  18 kobolds
  8 rats
  A butterfly (D:4)
220 creatures vanquished.

Vanquished Creatures (collateral kills)
  An unseen horror (D:8)
  Menkaure (D:6)
  An orc wizard (D:9)
  2 orcs
5 creatures vanquished.

Vanquished Creatures (others)
  A fungus (D:5)
  2 plants (D:1)
3 creatures vanquished.

Grand Total: 228 creatures vanquished

Notes
Turn   | Place    | Note
-------+----------+-------------------------------------------
     0 | D:1      | IcyTea the Draconian Air Elementalist began the quest for
                  | the Orb.
     0 | D:1      | Reached XP level 1. HP: 14/14 MP: 3/3
   393 | D:1      | Reached XP level 2. HP: 20/20 MP: 5/5
  1171 | D:2      | Reached XP level 3. HP: 26/26 MP: 6/6
  1420 | D:2      | Noticed Sigmund
  1547 | D:2      | Found a faded altar of an unknown god.
  1772 | D:3      | Gained mutation: You are clumsy. (Dex -2) [potion of
                  | mutation]
  1787 | D:3      | Reached skill level 2 in Conjurations
  1831 | D:3      | Noticed Robin
  1851 | D:3      | Killed Robin
  1852 | D:3      | Reached XP level 4. HP: 26/33 MP: 1/7
  1951 | D:3      | Reached skill level 3 in Conjurations
  1978 | D:3      | Reached skill level 1 in Short Blades
  2172 | D:3      | Lost mutation: You are clumsy. (Dex -2) [potion of
                  | mutation]
  2172 | D:3      | Gained mutation: Your magical capacity is low. (-10% MP)
                  | [potion of mutation]
  2172 | D:3      | Gained mutation: Your large and strong wings let you fly.
                  | [potion of mutation]
  2190 | D:3      | Noticed a phantom
  2213 | D:3      | Killed a phantom
  2214 | D:3      | Reached XP level 5. HP: 34/38 MP: 1/7
  2293 | D:3      | Learned a level 3 spell: Swiftness
  2302 | D:3      | Learned a level 4 spell: Airstrike
  2619 | D:4      | Reached skill level 5 in Air Magic
  2619 | D:4      | Reached XP level 6. HP: 45/45 MP: 0/8
  2795 | D:4      | Found a hazy altar of Hepliaklqana.
  2804 | D:4      | Found an iron altar of Okawaru.
  2806 | D:4      | Found an ornate altar of the Wu Jian Council.
  2851 | D:4      | Found a staircase to the Ecumenical Temple.
  2863 | Temple   | Entered the Ecumenical Temple
  3298 | D:4      | Found a snail-covered altar of Cheibriados.
  3337 | D:5      | Entered Level 5 of the Dungeon
  3466 | D:5      | Your scales start taking on a dull iron-grey colour.
  3466 | D:5      | Reduced skill Air Magic to level 5
  3466 | D:5      | Reached XP level 7. HP: 48/50 MP: 7/9
  3648 | D:5      | Found a transporter.
  3649 | D:5      | Noticed GorkyZ's ghost (novice GrFi)
  3686 | D:5      | Found a transporter.
  3911 | D:5      | Learned a level 3 spell: Call Canine Familiar
  4017 | D:5      | Reached skill level 1 in Summonings
  4280 | D:5      | Found a blossoming altar of Fedhas.
  4793 | D:6      | Noticed Menkaure
  4797 | D:6      | Noticed Maggie
  4806 | D:6      | Killed Menkaure
  4807 | D:6      | Reached XP level 8. HP: 30/57 MP: 1/12
  4814 | D:6      | Killed Maggie
  5021 | D:6      | Identified the +5 scimitar of Dawn {spect, rElec rC+}
  5092 | D:6      | Reached skill level 5 in Spellcasting
  5345 | D:6      | Reached skill level 4 in Conjurations
  5593 | D:6      | Noticed Prince Ribbit
  5603 | D:6      | Killed Prince Ribbit
  5787 | D:6      | Reached skill level 1 in Fighting
  5803 | D:6      | Reached XP level 9. HP: 64/68 MP: 3/15
  7060 | D:8      | Found a radiant altar of Vehumet.
  7231 | D:8      | Noticed Pikel
  7243 | D:8      | Killed Pikel
  7455 | D:8      | Reached skill level 1 in Evocations
  7462 | D:8      | Noticed a two-headed ogre
  7867 | D:8      | Noticed a gargoyle
  7867 | D:8      | Noticed a centaur warrior
  8196 | D:8      | Killed a two-headed ogre
  8197 | D:8      | Reached XP level 10. HP: 51/80 MP: 1/18
  8417 | D:8      | Killed a gargoyle
  8418 | D:8      | Reached skill level 5 in Conjurations
  8598 | D:8      | Reached skill level 6 in Conjurations
  9097 | D:8      | Killed a centaur warrior
  9098 | D:8      | Reached skill level 7 in Conjurations
  9271 | D:8      | Identified the ring of Ephemeral Luck {rF- Will- EV+4
                  | Str+10 Dex+9}
  9299 | D:8      | Learned a level 2 spell: Blink
  9329 | D:8      | Reached skill level 1 in Staves
  9741 | D:8      | Reached skill level 8 in Conjurations
 10166 | D:9      | Found a flagged portal.
 10187 | Bailey   | Entered a bailey
 10435 | Bailey   | Reached skill level 9 in Conjurations
 10567 | Bailey   | Noticed an orc knight
 10567 | Bailey   | Noticed an orc knight
 10603 | Bailey   | Killed an orc knight
 10604 | Bailey   | Reached XP level 11. HP: 8/85 MP: 3/19
 10619 | Bailey   | HP: 1/127 [kobold brigand/+0 war axe (7)]
 10626 | Bailey   | HP: 6/127 [kobold brigand/+0 war axe (3)]
 10635 | Bailey   | HP: 5/127 [kobold brigand/+0 war axe (2)]
 10637 | Bailey   | HP: 1/127 [kobold brigand/+0 war axe (4)]
 10637 | Bailey   | Mangled by a kobold brigand

Illustrated notes

Levels and vault maps discovered:
D:1:      kennysheep_arrival_seaside, layout_rooms, lemuel_flame_loot_1
D:2:      layout_loops_ring, basic_ecumenical_altar, uniq_sigmund
D:3:      layout_rooms, uniq_robin
D:4:      layout_rooms, chei_slow_surprise, minitemple,
          minmay_temple_entry_butterflies
D:5:      layout_gridville, mainiacjoe_overflow_boulevard,
          gammafunk_ghost_stat_death
D:6:      nicolae_cairo_tiling_very_big, layout_loops_ring,
          kennysheep_generic_room_5, uniq_maggie, uniq_prince_ribbit1,
          uniq_menkaure
D:7:      lemuel_ice_spiral_2, layout_basic
D:8:      minmay_the_grid_octo_triangle [minmay_the_grid_octo_77,
          minmay_the_grid_octo_prize_big_c, minmay_the_grid_octo_clover_2],
          layout_basic, nicolae_vehumet_altar_sigil, uniq_pikel
D:9:      layout_loops_cross, serial_glass, glass_columns_a, glass_columns_a,
          enter_bailey_5
Temple:   minmay_temple_bridge_abc
Bailey:   bailey_axe_3, bailey

Skill      XL: |  1  2  3  4  5  6  7  8  9 10 |
---------------+-------------------------------+-----
Air Magic      | 4 5 5 7 |  7.3
Conjurations   | 2 3 4 9 |  9.5
Short Blades   | 3 |  3.1
Spellcasting   | 3 5 7 |  7.0
Summonings     | 4 |  4.3
Stealth        | 3 |  3.5
Fighting       | 2 4 |  4.6
Evocations     | 2 |  2.2
Dodging        | 3 |  3.0
Staves         | 1 |  1.8

Action                   |  1- 3 |  4- 6 |  7- 9 | 10-12 || total
-------------------------+-------+-------+-------+-------++-------
Melee: Dagger            |    45 |    79 |    51 |    16 ||   191
       Unarmed           |     2 |       |       |       ||     2
       Tailslap          |    11 |    24 |    26 |    20 ||    81
       Morningstar       |    25 |       |       |       ||    25
       Short sword       |    45 |       |       |       ||    45
       Punch             |     1 |     1 |     3 |     1 ||     6
       Staff             |       |    41 |   134 |   108 ||   283
Throw: Dart              |       |       |       |     2 ||     2
 Cast: Shock             |    24 |    62 |   213 |    82 ||   381
       Airstrike         |       |       |    12 |    28 ||    40
       Call Canine Famil |       |       |     4 |     5 ||     9
       Swiftness         |       |       |     1 |       ||     1
  Use: Scroll            |     6 |       |     2 |     6 ||    14
       Potion            |     4 |     2 |     6 |     8 ||    20
 Stab: Sleeping          |     4 |     1 |     3 |       ||     8
Armor: Skin              |    31 |    31 |   117 |   118 ||   297
Dodge: Dodged            |    80 |    46 |   145 |   124 ||   395
Block: Other             |    11 |    19 |    53 |    49 ||   132
       Reflection        |       |       |     1 |     2 ||     3
